 Dungeon Crawl Stone Soup version 0.21.1-1-g345015f (webtiles) character file.

173 Iko the Skirmisher (level 5, -2/37 HPs)
             Began as an Octopode Fighter on June 1, 2018.
             Slain by an ice beast (13 damage)
             ... on level 5 of the Dungeon.
             The game lasted 00:06:44 (833 turns).

Iko the Skirmisher (Octopode Fighter)                Turns: 833, Time: 00:06:44

Health: -2/37      AC:  1    Str: 15    XL:     5   Next: 53%
Magic:  5/5        EV: 12    Int: 12    God:
Gold:   5          SH: 12    Dex: 11    Spells: 4/4 levels left

rFire    . . .     SeeInvis .   a - +0 flail
rCold    . . .     Gourm    .   b - +3 shield
rNeg     . . .     Faith    .   (helmet restricted)
rPois    .         Spirit   .   (no amulet)
rElec    .         Reflect  .   (no ring)
rCorr    .         Harm     .   (no ring)
MR       .....                  (no ring)
Stlth    +++.......             (no ring)
HPRegen  0.12/turn              (no ring)
MPRegen  0.09/turn              (no ring)
                                (no ring)
                                (no ring)

@: no status effects
A: almost no armour, stealthy swim, amphibious, 8 rings, constrict 8, camouflage
1, gelatinous body 1
a: no special abilities


You were on level 5 of the Dungeon.
You were not hungry.

You visited 1 branch of the dungeon, and saw 6 of its levels.

You collected 40 gold pieces.
You spent 35 gold pieces at shops.

Inventory:

Hand Weapons
 a - a +0 flail (weapon)
 g - a cursed +3 mace
Armour
 b - a +3 shield (worn)
Scrolls
 e - 2 scrolls of immolation
 h - a scroll of random uselessness
Potions
 c - a potion of might
Comestibles
 d - 2 rations


   Skills:
 + Level 3.7 Fighting
 + Level 3.6 Maces & Flails
 + Level 3.5 Dodging
 + Level 2.3 Stealth
 + Level 3.7 Shields


You had 4 spell levels left.
You didn't know any spells.

Dungeon Overview and Level Annotations

Branches:
Dungeon (6/15)
 Temple: D:4-7

Altars:

Shops:
D:5 *


Innate Abilities, Weirdness & Mutations

You cannot wear most types of armour.
You are very stealthy in the water. (Stealth+)
You are amphibious.
You can wear up to eight rings at the same time.
You can use your tentacles to constrict eight enemies at once.
Your skin changes colour to match your surroundings (Stealth+).
Your rubbery body absorbs attacks. (AC +1, EV +1)


Message History

* * * LOW HITPOINT WARNING * * *
The ice beast freezes you.
* * * LOW HITPOINT WARNING * * *
You feel better. You block the ice beast's attack.
You closely miss the ice beast.
The ice beast is heavily wounded.
You block the ice beast's attack.
You closely miss the ice beast.
The ice beast is heavily wounded.
The ice beast misses you.
You barely miss the ice beast. Your squeeze misses the ice beast.
The ice beast is heavily wounded.
The ice beast barely misses you.
The ice beast hits you but does no damage.
You closely miss the ice beast.
The ice beast is heavily wounded.
The ice beast hits you.
* * * LOW HITPOINT WARNING * * *
The ice beast freezes you!
You die...

#### ..........##
####..## ...<.......##
##......# ............#
#.......# .?..........#
#........ ............#
##........ ..?.........#
#......... ......Y....#
#......... ......†@..##
##.........
#######....###..........
#?..###.............
#...### ###...........
#..## #........... ..
##.......... .
#.......... #..........
#..........


You could see an ice beast.

Vanquished Creatures
  A wight (D:5)
  2 howler monkeys (D:5)
  A crimson imp (D:5)
  A worm (D:3)
  A dart slug (D:1)
  2 leopard geckos (D:5)
  2 giant cockroaches
  2 hobgoblins
  2 jackals (D:4)
  5 kobolds
  2 bats (D:1)
  2 frilled lizards (D:2)
  2 rats
25 creatures vanquished.

Notes
Turn   | Place    | Note
-------+----------+-------------------------------------------
     0 | D:1      | Iko the Octopode Fighter began the quest for the Orb.
     0 | D:1      | Reached XP level 1. HP: 16/16 MP: 1/1
   192 | D:1      | Reached XP level 2. HP: 20/21 MP: 2/2
   627 | D:4      | Reached XP level 3. HP: 20/26 MP: 3/3
   645 | D:5      | Entered Level 5 of the Dungeon
   645 | D:5      | Found Reuz's Assorted Antiques.
   649 | D:5      | Reached skill level 1 in Stealth
   649 | D:5      | Reached XP level 4. HP: 25/31 MP: 4/4
   651 | D:5      | Bought a scroll labeled ANEUMN UQOD for 35 gold pieces
   728 | D:6      | Noticed an ice beast
   735 | D:5      | Reached XP level 5. HP: 13/37 MP: 5/5
   822 | D:5      | Noticed an ice beast
   833 | D:5      | Slain by an ice beast

Skill      XL: |  1  2  3  4 |
---------------+-------------+-----
Stealth        | 1 2 |  2.3
Maces & Flails | 3 |  3.6
Fighting       | |  3.7
Dodging        | |  3.5
Shields        | |  3.7

Action                   |  1- 3 |  4- 6 || total
-------------------------+-------+-------++-------
Melee: Flail             |    44 |    33 ||    77
       Constrict         |    15 |     5 ||    20
       Tentacles         |     6 |     5 ||    11
  Use: Scroll            |     7 |     2 ||     9
       Potion            |     2 |     1 ||     3
 Stab: Sleeping          |     4 |       ||     4
Armor: Skin              |     7 |     3 ||    10
Dodge: Dodged            |    19 |     9 ||    28
Block: Shield            |    30 |    19 ||    49
